 Dungeon Sprint DCSS version 0.19-a0-1682-g5114f93 (webtiles) character file.

6088 Saways the Shatterer (level 10, -2/118 HPs)
             Began as an Ogre Gladiator on Sept 24, 2016.
             Was a High Priest of Okawaru.
             Slain by a catoblepas (9 damage)
             ... in the Dungeon (Sprint IX: "|||||||||||||||||||||||||||||").
             The game lasted 00:02:27 (1225 turns).

Saways the Shatterer (Ogre Gladiator)               Turns: 1225, Time: 00:02:28

Health: -2/118     AC:  8    Str: 22    XL:     10   Next: 88%
Magic:  15/15      EV:  1    Int:  7    God:    Okawaru [*****.]
Gold:   0          SH:  0    Dex: 13    Spells: 0 memorised, 9 levels left

rFire  . . .     SeeInvis .     e - +2 giant spiked club
rCold  . . .     Gourm    .     h - troll hide
rNeg   + + +     Faith    .     (shield currently unavailable)
rPois  ∞         Spirit   .     c - +0 hat
rElec  .         Dismiss  .     (no cloak)
rCorr  .         Reflect  .     (gloves unavailable)
MR     +....     Harm     .     (boots unavailable)
Stlth  ++........ NoTele   +    (no amulet)
                                p - +2 ring of protection
                                q - +2 ring of protection

@: exhausted, petrified, heroism, very slightly contaminated, hasted and slowed
A: unfitting armour, tough skin 1
a: Heroism, Finesse, Renounce Religion


You were in the Dungeon.
You worshipped Okawaru.
Okawaru was extremely pleased with you.
You were very hungry.

You visited 1 branch

Inventory:

Hand Weapons
 a - a +0 flail
 e - a +2 giant spiked club (weapon)
 o - a +2 dire flail of crushing
Missiles
 d - 3 throwing nets (quivered)
Armour
 b - a +0 robe
 c - a +0 hat (worn)
 h - a troll hide (worn)
Jewellery
 p - a +2 ring of protection (right hand)
 q - a +2 ring of protection (left hand)
Wands
 n - a wand of lightning (7/15)
Scrolls
 k - 3 scrolls of blinking
 l - 3 scrolls of remove curse
 m - 2 scrolls of amnesia
 t - a scroll of identify
 u - 3 scrolls of fear
Potions
 g - 4 potions of heal wounds
 i - 4 potions of magic
 j - 6 potions of curing
 s - 2 potions of haste
Comestibles
 f - a bread ration


   Skills:
 + Level 12.7(17.7) Fighting
 * Level 23.4(27) Maces & Flails
 - Level 2.0(7.0) Throwing
 + Level 2.2(7.2) Armour
 + Level 8.9(13.9) Dodging
 - Level 2.0(7.0) Stealth
 * Level 7.5 Invocations


You had 9 spell levels left.
You didn't know any spells.

Dungeon Overview and Level Annotations

Branches:
Dungeon (1/1)

Altars:
Cheibriados
Dithmenos
Elyvilon
Fedhas
Gozag
Hepliaklqana
Kikubaaqudgha
Makhleb
Nemelex Xobeh
Okawaru
Qazlal
Ru
Sif Muna
Trog
Uskayaw
Vehumet
Xom
Yredelemnul
Zin
The Shining One
Beogh
Jiyva
Lugonu


Innate Abilities, Weirdness & Mutations

You are too large for most types of armour.
You have tough skin. (AC +1)


Message History

Unknown command.
Unknown command.
Really walk into that cloud of calcifying dust?
Okay, then.
Unknown command.
Really walk into that cloud of calcifying dust?
You are engulfed in calcifying dust.
You have turned to stone.
You are engulfed in calcifying dust.
The catoblepas breathes a plume of calcifying dust at you.
The blast of calcifying dust hits you!
* * * LOW HITPOINT WARNING * * *
The catoblepas breathes a plume of calcifying dust at you.
The blast of calcifying dust hits you!
* * * LOW HITPOINT WARNING * * *
You are engulfed in calcifying dust.
You are no longer berserk.
You feel yourself slow down.
You are feeling very hungry.
You are engulfed in calcifying dust.
The catoblepas gores you!!
You die...

▓.▓.▓)▓
▓Y▓.▓|▓
▓.▓.▓.▓
▓†▓.▓.▓
▓'▓.▓'▓
▓.▓.▓.▓
▓Y▓.▓_▓
▓Y▓.▓_▓
▓@▓.▓_▓
▓§▓.▓_▓
▓§▓.▓_▓
▓.▓.▓_▓
▓÷▓.▓_▓
▓÷▓.▓_▓
▓'▓.▓_▓
▓.▓.▓_▓
▓.▓.▓_▓


You could see 2 catoblepae and a yak.

Vanquished Creatures
  2 death yaks (D)
  2 hill giants (D)
  A black mamba (D)
  A spiny frog (D)
  3 komodo dragons (D)
  2 trolls (D)
  2 hippogriffs (D)
  2 yaks (D)
  A hungry ghost (D)
  A water moccasin (D)
  3 porcupines (D)
  A black bear (D)
  An orc warrior (D)
  2 centaurs (D)
  3 crocodiles (D)
  A bullfrog (D)
  A scorpion (D)
  An orc wizard (D)
  3 iguanas (D)
  A worker ant (D)
  An adder (D)
  A river rat (D)
  A shadow imp (D)
  An orc (D)
  A bat (D)
  2 hobgoblins (D)
  A frilled lizard (D)
  A goblin (D)
43 creatures vanquished.

Notes
Turn   | Place    | Note
-------+----------+-------------------------------------------
     0 | D        | Saways the Ogre Gladiator began the quest for the Orb.
     0 | D        | Reached XP level 1. HP: 22/22 MP: 1/1
    10 | D        | Reached skill level 5 in Maces & Flails
    17 | D        | Noticed a centaur
    17 | D        | Noticed a scorpion
    18 | D        | Reached XP level 2. HP: 31/31 MP: 2/2
    25 | D        | Reached skill level 6 in Maces & Flails
    32 | D        | Reached skill level 7 in Maces & Flails
    32 | D        | Reached XP level 3. HP: 19/37 MP: 3/3
    41 | D        | Killed a scorpion
    41 | D        | Reached skill level 9 in Maces & Flails
    41 | D        | Reached XP level 4. HP: 26/49 MP: 4/4
    44 | D        | Killed a centaur
    44 | D        | Reached skill level 5 in Fighting
    44 | D        | Reached skill level 11 in Maces & Flails
    44 | D        | Reached skill level 5 in Dodging
    44 | D        | Reached XP level 5. HP: 29/57 MP: 5/5
    95 | D        | Found a roughly hewn altar of Beogh.
    95 | D        | Found a snail-covered altar of Cheibriados.
    95 | D        | Found a shadowy altar of Dithmenos.
    95 | D        | Found a white marble altar of Elyvilon.
    95 | D        | Found a blossoming altar of Fedhas.
    95 | D        | Found an opulent altar of Gozag.
    96 | D        | Found a hazy altar of Hepliaklqana.
    97 | D        | Found a viscous altar of Jiyva.
    98 | D        | Found an ancient bone altar of Kikubaaqudgha.
    99 | D        | Found a corrupted altar of Lugonu.
   151 | D        | Found a burning altar of Makhleb.
   152 | D        | Found a sparkling altar of Nemelex Xobeh.
   153 | D        | Found an iron altar of Okawaru.
   154 | D        | Found a stormy altar of Qazlal.
   155 | D        | Found a sacrificial altar of Ru.
   156 | D        | Found a deep blue altar of Sif Muna.
   157 | D        | Found a bloodstained altar of Trog.
   158 | D        | Found a hide-covered altar of Uskayaw.
   159 | D        | Found a radiant altar of Vehumet.
   160 | D        | Found a shimmering altar of Xom.
   161 | D        | Became a worshipper of Warmaster Okawaru
   162 | D        | Found a basalt altar of Yredelemnul.
   163 | D        | Found a glowing silver altar of Zin.
   202 | D        | Found a glowing golden altar of the Shining One.
   261 | D        | Noticed a centaur
   261 | D        | Noticed a black bear
   261 | D        | Noticed a hill giant
   261 | D        | Noticed a hungry ghost
   261 | D        | Noticed a hippogriff
   265 | D        | Reached skill level 12 in Maces & Flails
   271 | D        | Killed a hippogriff
   271 | D        | Reached * piety under Okawaru
   271 | D        | Reached skill level 14 in Maces & Flails
   271 | D        | Reached skill level 1 in Stealth
   271 | D        | Reached XP level 6. HP: 58/68 MP: 6/6
   279 | D        | Killed a hungry ghost
   279 | D        | Reached skill level 15 in Maces & Flails
   279 | D        | Reached XP level 7. HP: 64/78 MP: 7/7
   290 | D        | Killed a hill giant
   290 | D        | Reached skill level 17 in Maces & Flails
   290 | D        | Reached XP level 8. HP: 53/92 MP: 8/8
   297 | D        | Reached ** piety under Okawaru
   466 | D        | Noticed a hippogriff
   466 | D        | Noticed a troll
   466 | D        | Noticed a hill giant
   466 | D        | Noticed a troll
   469 | D        | Killed a troll
   469 | D        | Reached skill level 18 in Maces & Flails
   469 | D        | Reached skill level 1 in Invocations
   475 | D        | Killed a hill giant
   475 | D        | Reached skill level 10 in Fighting
   475 | D        | Reached skill level 19 in Maces & Flails
   475 | D        | Reached XP level 9. HP: 59/101 MP: 8/11
   485 | D        | Killed a troll
   497 | D        | Reached skill level 20 in Maces & Flails
   758 | D        | Noticed a spiny frog
   758 | D        | Noticed a black mamba
   763 | D        | Noticed a komodo dragon
   765 | D        | Noticed a komodo dragon
   766 | D        | Killed a black mamba
   766 | D        | Reached *** piety under Okawaru
   766 | D        | Reached skill level 5 in Invocations
   782 | D        | Killed a spiny frog
   782 | D        | Reached skill level 21 in Maces & Flails
   786 | D        | Killed a komodo dragon
   786 | D        | Reached **** piety under Okawaru
   786 | D        | Reached XP level 10. HP: 79/114 MP: 12/14
   925 | D        | Reached skill level 1 in Armour
   931 | D        | Reached skill level 22 in Maces & Flails
  1184 | D        | Noticed a catoblepas
  1184 | D        | Noticed a death yak
  1184 | D        | Noticed a death yak
  1188 | D        | Noticed a catoblepas
  1193 | D        | Killed a death yak
  1199 | D        | Reached ***** piety under Okawaru
  1199 | D        | Reached skill level 23 in Maces & Flails
  1202 | D        | Killed a death yak
  1225 | D        | Slain by a catoblepas

Vault maps used:
D:        linesprint

Skill      XL: |  1  2  3  4  5  6  7  8  9 10 |
---------------+-------------------------------+-----
Dodging        | 3 4 5 6 7 8 |  8.9
Maces & Flails | 5 7 9 11 14 15 17 19 21 23 | 23.4
Fighting       | 3 4 5 6 7 9 10 11 12 | 12.7
Stealth        | 1 2 |  2.0
Invocations    | 3 5 7 |  7.5
Armour         | 2 |  2.2
Throwing       | |  2.0

Action                   |  1- 3 |  4- 6 |  7- 9 | 10-12 || total
-------------------------+-------+-------+-------+-------++-------
Melee: Flail             |    28 |     2 |       |       ||    30
       Dire flail        |       |    16 |    17 |       ||    33
       Giant spiked club |       |       |    57 |    59 ||   116
Invok: Heroism           |       |       |       |     2 ||     2
  Use: Potion            |     3 |     1 |     1 |     2 ||     7
       Scroll            |       |       |     2 |       ||     2
 Stab: Invisible         |       |     1 |       |       ||     1
       Sleeping          |       |       |       |     2 ||     2
  Eat: Chunk             |       |       |     3 |     1 ||     4
Armor: Robe              |     5 |     4 |     6 |       ||    15
       Troll hide        |       |       |     5 |     1 ||     6
Dodge: Dodged            |    12 |    14 |    33 |    16 ||    75
